[Event "Late-Titled-Tuesday-Blitz-March-12-2024"]
[Site "Chess.com"]
[Date "2024.03.12"]
[Round "10"]
[White "MathiasWomacka"]
[Black "Mariia89"]
[Result "0-1"]
[WhiteElo "2508"]
[BlackElo "2264"]
[TimeControl "180+1"]
[EndTime "15:52:57 PDT"]
[Termination "Mariia89 won by resignation"]

1. e4 c6 2. d4 d5 3. Nd2 dxe4 4.
Nxe4 Nf6 5. Nxf6+ exf6 6. Bc4 Be7 7. Ne2 Na6 8. O-O Nc7 9. Bf4 Nd5 10. Bg3 O-O 11.
Nf4 Nxf4 12. Bxf4 Bf5 13. c3 Qd7 14. Qd2 Rfe8 15. Rfe1 Bf8 16. h3 Rxe1+ 17. Rxe1 Re8 18. Rxe8 Qxe8 19. a4 Qe4 20. a5 Be6 21. Bd3 Qd5 22. b4 Qb3 23. Kh2 Bd5 24. Qe1 Be6 25. Be4 Qc4 26.
Bf3 Qb3 27. a6 bxa6 28. Bxc6 g5 29. Bg3 Qc4 30. Bf3 Kg7 31. Be2 Qc6 32. Qa1 Bc8 33.
c4 Bxb4 34. d5 Qb6 35. Qa4 Bc5 36. Qe8 Bf5 37. Qd8 Bxf2 38. Bc7 Bg1+ 39. Kh1 Qf2 40. Bd6 Be4 41. Qg8+ Kxg8 0-1

[Event "Late-Titled-Tuesday-Blitz-March-12-2024"]
[Site "Chess.com"]
[Date "2024.03.12"]
[Round "10"]
[White "NelsonLinda"]
[Black "cthulhuuu"]
[Result "1-0"]
[WhiteElo "2652"]
[BlackElo "2441"]
[TimeControl "180+1"]
[EndTime "15:52:58 PDT"]
[Termination "NelsonLinda won on time"]

1. b3 Nf6 2. Bb2 g6 3. Bxf6 exf6 4. c4 f5 5. Nc3 Bg7 6. Rc1 b6 7. Nf3 Bb7 8. e3 O-O 9. Be2 d6 10. O-O Nd7 11. d4 Nf6 12. Ne1 Ne4 13. Bf3 Nxc3 14. Rxc3 Bxf3 15. Qxf3 c5 16. Nc2 Qe7 17. Rd3 Qe4 18.
Qxe4 fxe4 19. Rd2 Rad8 20. Rfd1 Bf6 21. f3 exf3 22. gxf3 d5 23. dxc5 dxc4 24. Rxd8 Bxd8 25. c6 cxb3 26. axb3 b5 27. Rd5 a6 28. Nb4 Bb6 29. Nxa6 Rc8 30. c7 Bxe3+ 31. Kf1 Bb6 32. Rxb5 Bxc7 33. Rc5 Ra8 34. Nxc7 Ra1+ 35. Kg2 Ra2+ 36.
Kg3 Rb2 37. Rc3 h5 38. Rd3 g5 39. h4 gxh4+ 40. Kxh4 Rh2+ 41. Kg3 Rb2 42. Nd5 Kg7 43.
b4 Kg6 44. Rd4 Kg5 45. Nc7 f5 46. f4+ Kg6 47. Rd6+ Kf7 48. Nd5 Rd2 49. Rf6+ Kg7 50. Rxf5 1-0

[Event "Late-Titled-Tuesday-Blitz-March-12-2024"]
[Site "Chess.com"]
[Date "2024.03.12"]
[Round "10"]
[White "finec2"]
[Black "Zampronha1971"]
[Result "1-0"]
[WhiteElo "2215"]
[BlackElo "2321"]
[TimeControl "180+1"]
[EndTime "15:52:59 PDT"]
[Termination "finec2 won by resignation"]

1. e4 c5 2. Nf3 e6 3. d4 cxd4 4. Nxd4 Nc6 5. Nc3 Qc7 6. Be2 a6 7. O-O Nf6 8. Be3 Bb4 9. Na4 O-O 10. c4 Nxe4 11. c5 Ba5 12. a3 Qd8 13. b4 Bc7 14. Bd3 f5 15. Bxe4 fxe4 16. Qg4 Nxd4 17. Bxd4 e5 18.
Qxe4 exd4 19. Qxd4 Qf6 20. Qd5+ Qf7 21. Qd4 Qf4 22. Qd5+ Kh8 23. g3 Qf7 24. Qd4 Bd8 25. Rad1 Bf6 26. Qd6 Qe7 27. Qd5 Qe6 28. Qd3 Qh3 29.
Nb6 Rb8 30. Qd6 Re8 31. Rfe1 Rd8 32. Qxb8 d5 33. cxd6 Bg4 34. Re8+ 1-0

[Event "Late-Titled-Tuesday-Blitz-March-12-2024"]
[Site "Chess.com"]
[Date "2024.03.12"]
[Round "10"]
[White "Thjop"]
[Black "prochn"]
[Result "1-0"]
[WhiteElo "2656"]
[BlackElo "2462"]
[TimeControl "180+1"]
[EndTime "15:53:02 PDT"]
[Termination "Thjop won by resignation"]

1. d4 d5 2. Nf3 Nf6 3. c4 c6 4. Nc3 dxc4 5. a4 Bf5 6. Ne5 Nbd7 7. Nxc4 Qc7 8. g3 e5 9. dxe5 Nxe5 10. Bf4 Nfd7 11.
Bg2 g5 12. Ne3 gxf4 13. Nxf5 O-O-O 14. Qc2 fxg3 15. hxg3 Kb8 16. O-O h5 17. a5 h4 18.
Nxh4 Rxh4 19. gxh4 Ng4 20. Rfd1 Qh2+ 21. Kf1 Qxh4 22.
Qf5 Bc5 23. Qf4+ Kc8 24. e3 Re8 25. Rxd7 Kxd7 26. Qxf7+ Re7 27. Qf5+ Kc7 28. Nb5+ cxb5 29. Qxc5+ Kb8 30. Qd6+ Kc8 31. Rc1+ 1-0

[Event "Late-Titled-Tuesday-Blitz-March-12-2024"]
[Site "Chess.com"]
[Date "2024.03.12"]
[Round "10"]
[White "DenLaz"]
[Black "jefferyx"]
[Result "1/2-1/2"]
[WhiteElo "3072"]
[BlackElo "3097"]
[TimeControl "180+1"]
[EndTime "15:53:03 PDT"]
[Termination "Game drawn by agreement"]

1. d4 g6 2. c4 Nf6 3. Nf3 Bg7 4. g3 c5 5. Bg2 cxd4 6. Nxd4 O-O 7. Nc3 Nc6 8. O-O Qa5 9. Nb3 Qh5 10. Nd5 d6 11.
Nf4 Qe5 12. Nd2 a5 13. Nf3 Qc5 14. b3 a4 15. Bb2 Bf5 16. e3 Be4 17. Nd2 Bxg2 18.
Kxg2 b5 19. Rc1 Ne5 20. Nf3 axb3 21. axb3 bxc4 22. Bxe5 dxe5 23. Rxc4 Qb5 24. Ne2 Rab8 25. Qc2 Qxb3 26. Nxe5 Qb7+ 27. Nf3 Rfc8 28. Rxc8+ Rxc8 29. Qb1 Qxb1 30. Rxb1 Nd5 31. Rd1 e6 32. Rd2 Bf6 33.
h4 h6 34. Nh2 Kg7 35. Nf3 g5 36. hxg5 hxg5 37. Nh2 Kg6 38. Ng4 Bg7 39. Nh2 Rb8 40. Rc2 Rb2 41. Rxb2 1/2-1/2

[Event "Late-Titled-Tuesday-Blitz-March-12-2024"]
[Site "Chess.com"]
[Date "2024.03.12"]
[Round "10"]
[White "ExchangeAB"]
[Black "Malev212"]
[Result "0-1"]
[WhiteElo "2504"]
[BlackElo "2625"]
[TimeControl "180+1"]
[EndTime "15:53:04 PDT"]
[Termination "Malev212 won by resignation"]

1. d4 g6 2. Nf3 Bg7 3. Nbd2 c5 4. e3 cxd4 5. exd4 Nf6 6. c3 O-O 7. Bd3 Nc6 8. O-O d6 9. Re1 e5 10. dxe5 dxe5 11. Ne4 Nxe4 12. Bxe4 Qc7 13. Bg5 Be6 14. Qe2 h6 15. Be3 f5 16. Bc2 e4 17. Nd4 Nxd4 18. Bxd4 Bxd4 19. cxd4 Rad8 20. Bb3 Bxb3 21. axb3 Rxd4 22.
Rxa7 Rfd8 23. g3 Qb6 24. Ra4 Rd3 25. Ra3 Kg7 26. Rc1 Rd2 27. Qe3 Qxe3 28. fxe3 Rxb2 29. Ra7 Kf6 30. Rxb7 Kg5 31. h4+ Kh5 32. Kh1 Rdd2 33.
g4+ 0-1

[Event "Late-Titled-Tuesday-Blitz-March-12-2024"]
[Site "Chess.com"]
[Date "2024.03.12"]
[Round "10"]
[White "Statham_01"]
[Black "mac0504"]
[Result "0-1"]
[WhiteElo "2590"]
[BlackElo "2715"]
[TimeControl "180+1"]
[EndTime "15:53:06 PDT"]
[Termination "mac0504 won by checkmate"]

1. e4 Nc6 2. Nc3 Nf6 3. d4 d5 4. e5 Ne4 5. Nce2 f6 6. f3 Ng5 7. h4 Nf7 8. f4 Bg4 9. c3 e6 10.
Qb3 Qd7 11. Be3 O-O-O 12. a4 Be7 13. Qa2 fxe5 14. fxe5 Rhf8 15. b4 Nh6 16. a5 Nf5 17.
Bf2 Nxb4 18. Qb1 Nc6 19. Nf4 Nfxd4 20. Nd3 Nf5 21. Qb2 d4 22. c4 Ne3 23. Rb1 Nxa5 24. Nf3 Nexc4 25. Qc2 Na3 26. Qd2 Nxb1 27. Qxa5 Qc6 28.
Qxa7 Qc3+ 29. Kd1 Qd2# 0-1

[Event "Late-Titled-Tuesday-Blitz-March-12-2024"]
[Site "Chess.com"]
[Date "2024.03.12"]
[Round "10"]
[White "jstopa4"]
[Black "ExtremeLearner"]
[Result "1-0"]
[WhiteElo "2746"]
[BlackElo "2583"]
[TimeControl "180+1"]
[EndTime "15:53:07 PDT"]
[Termination "jstopa4 won by resignation"]

1. d4 Nf6 2. c4 c5 3. Nf3 g6 4.
g3 Bg7 5. Bg2 O-O 6. O-O d6 7.
Nc3 Nc6 8. dxc5 dxc5 9. Qa4 Qa5 10. Bf4 Be6 11. Qxa5 Nxa5 12. b3 Nc6 13. Ne5 Nh5 14.
Nxc6 Nxf4 15. Nxe7+ Kh8 16. gxf4 Bxc3 17. Rac1 Bf6 18. Nd5 Bxd5 19. Bxd5 Rae8 20. e3 b6 21. a4 Kg7 22. Kg2 h6 23. Kf3 Re7 24. Rcd1 Rd8 25.
Bc6 Rc8 26. Bd5 Rd8 27. Rd3 Red7 28. Rfd1 Bb2 29. Rg1 Bf6 30. f5 g5 31. h4 Kf8 32.
hxg5 hxg5 33. Kg4 Ke7 34. Rh1 Rf8 35. Rh7 Rdd8 36. Rd1 Rd6 37. Rdh1 Rdd8 38. R1h5 Rd6 39. R5h6 Rdd8 40. Rg6 Rd6 41. Rgh6 Rdd8 42. e4 Rd6 43. f3 Rdd8 44. e5 Bxe5 45. Re6+ Kd7 46. Rxe5 Kd6 47.
Re4 1-0

[Event "Late-Titled-Tuesday-Blitz-March-12-2024"]
[Site "Chess.com"]
[Date "2024.03.12"]
[Round "10"]
[White "KSho99"]
[Black "Flaccidmoves"]
[Result "0-1"]
[WhiteElo "2173"]
[BlackElo "2425"]
[TimeControl "180+1"]
[EndTime "15:53:07 PDT"]
[Termination "Flaccidmoves won on time"]

1. d4 d6 2. e4 g6 3. c4 Bg7 4. Nc3 Nc6 5. Be3 e5 6. d5 Nd4 7. Nge2 Nxe2 8. Bxe2 Ne7 9. O-O O-O 10. b4 f5 11. f3 f4 12. Bf2 g5 13. c5 Ng6 14. cxd6 cxd6 15. Rc1 h5 16. Nb5 g4 17. Nc7 Qg5 18. Nxa8 g3 19. hxg3 fxg3 20. Qe1 gxf2+ 21. Qxf2 Nf4 22. Kh1 h4 23. Nc7 Nh5 24. Ne6 Bxe6 25. dxe6 Ng3+ 26. Kg1 Nxf1 27. Bxf1 Kh8 28. Rc7 Bh6 29.
Kh1 Re8 30. e7 Rxe7 31. Rxe7 Qxe7 32. Qxa7 Bf4 0-1

[Event "Late-Titled-Tuesday-Blitz-March-12-2024"]
[Site "Chess.com"]
[Date "2024.03.12"]
[Round "10"]
[White "Kosak12"]
[Black "Shahdad2007"]
[Result "1-0"]
[WhiteElo "2781"]
[BlackElo "2589"]
[TimeControl "180+1"]
[EndTime "15:53:08 PDT"]
[Termination "Kosak12 won by resignation"]

1. e4 c5 2. b4 cxb4 3. a3 bxa3 4. Bxa3 d6 5. d4 Nf6 6. Bd3 g6 7. Nf3 Bg7 8. h3 O-O 9. O-O b6 10. e5 Ne8 11. Be4 d5 12. Bd3 Nc7 13. Nc3 Nc6 14. Ne2 Na5 15. Nf4 Ne6 16. Nxe6 Bxe6 17. Ng5 Nc4 18.
Nxe6 fxe6 19. Qg4 Qd7 20. Bc1 a5 21. h4 Rf5 22. Qh3 Raf8 23. f4 Bh6 24. g4 Rxf4 25. Bxf4 Bxf4 26. Rf3 Nd2 27. Rf2 Ne4 28. Re2 a4 29. g5 b5 30. Rf1 Ng3 31. Ref2 Nxf1 32. Rxf1 a3 33. Kg2 a2 34. Ra1 Ra8 35. h5 Bxg5 36.
hxg6 h6 37. Qf3 Rf8 38. Qe2 Ra8 39. Bxb5 Qa7 40. c3 Kg7 41. Qf2 Kxg6 42. Rf1 Kg7 43.
Qf7+ Kh8 44. Bd3 1-0

[Event "Late-Titled-Tuesday-Blitz-March-12-2024"]
[Site "Chess.com"]
[Date "2024.03.12"]
[Round "10"]
[White "HaryKane"]
[Black "ameetghasi100"]
[Result "0-1"]
[WhiteElo "2604"]
[BlackElo "2798"]
[TimeControl "180+1"]
[EndTime "15:53:09 PDT"]
[Termination "ameetghasi100 won by checkmate"]

1. d4 d6 2. e3 g6 3. f4 Nf6 4. Nf3 Bg7 5. Bd3 O-O 6. e4 Nc6 7. O-O e5 8. fxe5 dxe5 9. d5 Ne7 10. c4 c6 11. Nc3 Ne8 12. Qe2 c5 13. Be3 b6 14.
Qd2 Nd6 15. Bh6 f6 16. Rae1 Bd7 17. h4 Kh8 18. h5 Nf7 19. Bxg7+ Kxg7 20. hxg6 hxg6 21.
Bc2 Nd6 22. b3 Ng8 23. Ne2 Nh6 24. Nh2 Qe7 25. Ng3 Rh8 26. Bd1 Rh7 27. a3 Rah8 28.
b4 Nxc4 29. Qc3 b5 30. Be2 Nf7 31. Nf3 cxb4 32. axb4 Nfd6 33. Bxc4 bxc4 34. Ra1 Bb5 35. Ne1 a6 36. Nc2 Rh4 37. Qf3 Rf4 38. Qe3 g5 39.
Qd2 Kg6 40. Ne3 c3 41. Qe1 Bxf1 42. Ngxf1 Nxe4 43. Rxa6 Qxb4 44. Qc1 Qd4 45. Qc2 Rxf1+ 46. Kxf1 Qxe3 47. Ra4 Rh1# 0-1

[Event "Late-Titled-Tuesday-Blitz-March-12-2024"]
[Site "Chess.com"]
[Date "2024.03.12"]
[Round "10"]
[White "maximnovik"]
[Black "scarabee43"]
[Result "1-0"]
[WhiteElo "2611"]
[BlackElo "2810"]
[TimeControl "180+1"]
[EndTime "15:53:09 PDT"]
[Termination "maximnovik won by checkmate"]

1. e4 c5 2. Nf3 e6 3. d4 cxd4 4.
Nxd4 Nc6 5. Nc3 Qc7 6. g3 a6 7. Bg2 Nf6 8. O-O Nxd4 9. Qxd4 Bc5 10. Bf4 d6 11. Qd2 h6 12. Rad1 e5 13. Be3 Be6 14. Bxc5 dxc5 15. Nd5 Bxd5 16. exd5 Qd6 17. f4 exf4 18.
Rfe1+ Kd7 19. Re6 Qb8 20. Rxf6 gxf6 21. Bh3+ Kc7 22. Qxf4+ Kb6 23. Qxf6+ Ka7 24. d6 Qe8 25. d7 Qe3+ 26. Qf2 Qxf2+ 27. Kxf2 Kb6 28. Rd6+ Kc7 29. Rf6 h5 30. Rxf7 Raf8 31. Rxf8 Rxf8+ 32. Ke3 Rf6 33. g4 Re6+ 34. Kf4 hxg4 35. Bxg4 Rf6+ 36. Bf5 Rh6 37.
h3 Rb6 38. b3 Kd8 39. h4 Ke7 40. Kg5 Rd6 41. h5 Rd1 42. h6 Rf1 43. h7 Rg1+ 44.
Kf4 Rh1 45. Ke5 Rh5 46. Ke4 b5 47. a4 Rh4+ 48. Kd5 Rh5 49. Kc6 Kd8 50. Kb6 bxa4 51. bxa4 c4 52. Kxa6 Kc7 53. a5 c3 54.
Ka7 Rh6 55. a6 Rh2 56. d8=Q+ Kxd8 57. Kb7 Rh1 58. a7 Rb1+ 59. Kc6 Ra1 60. h8=Q+ Ke7 61. Qg7+ Ke8 62. Bg6+ Kd8 63. Qf8# 1-0

[Event "Late-Titled-Tuesday-Blitz-March-12-2024"]
[Site "Chess.com"]
[Date "2024.03.12"]
[Round "10"]
[White "zano2023"]
[Black "shirovin"]
[Result "1-0"]
[WhiteElo "2219"]
[BlackElo "2046"]
[TimeControl "180+1"]
[EndTime "15:53:09 PDT"]
[Termination "zano2023 won on time"]

1. d4 d6 2. Nf3 Nf6 3. Nbd2 g6 4. e4 Bg7 5. Bd3 O-O 6. O-O Nbd7 7. Re1 e5 8. c3 c6 9. Nf1 b5 10. Ng3 Rb8 11.
h3 Qc7 12. Be3 Nb6 13. b3 a6 14. Qd2 c5 15. d5 c4 16. Bc2 cxb3 17. axb3 Bb7 18.
Rac1 Rbc8 19. Bd3 Nbd7 20. Bh6 Nc5 21. Bc2 Rfe8 22. Bxg7 Kxg7 23. Qg5 Qd8 24. Nf5+ Kh8 25. Nh6 Kg7 26. Nh4 Nh5 27. N6f5+ Kg8 28. Nh6+ Kg7 29.
N4f5+ Kf8 30. Qg4 Qf6 31. Re3 gxf5 32. Qxh5 f4 33. Rf3 Qg6 34. Qh4 Rc7 35. g3 Bc8 36. Kh2 Nxe4 37. gxf4 f5 38. Rg1 Qf6 39. Rg8+ Ke7 40.
Rg7+ Kd8 41. Qxf6+ Nxf6 42. Nf7+ 1-0

[Event "Late-Titled-Tuesday-Blitz-March-12-2024"]
[Site "Chess.com"]
[Date "2024.03.12"]
[Round "10"]
[White "santosalberto1987"]
[Black "Gryffindorac8"]
[Result "1-0"]
[WhiteElo "2541"]
[BlackElo "2376"]
[TimeControl "180+1"]
[EndTime "15:53:10 PDT"]
[Termination "santosalberto1987 won on time"]

1. e4 c5 2. Nf3 d6 3. Bb5+ Bd7 4. c4 Nf6 5. Nc3 g6 6. Bxd7+ Qxd7 7. d4 cxd4 8. Nxd4 Bg7 9. f3 O-O 10. Be3 Nc6 11.
Rc1 e6 12. O-O d5 13. Nxc6 bxc6 14. e5 Ne8 15. Bc5 Bxe5 16. Bxf8 Kxf8 17. Qd2 Kg8 18.
cxd5 cxd5 19. f4 Bg7 20. Kh1 Nd6 21. b3 h5 22. Qe2 Nf5 23. Na4 Qe7 24. Qf2 Bd4 25.
Qe1 Kg7 26. Rf3 a5 27. Rd3 Qf6 28. Nc5 h4 29. Nd7 Qe7 30. Ne5 Rh8 31. h3 Qb7 32.
Ng4 Qb6 33. Rcd1 Bc5 34. Qe5+ Kh7 35. Nf6+ Kh6 36. Nd7 1-0

[Event "Late-Titled-Tuesday-Blitz-March-12-2024"]
[Site "Chess.com"]
[Date "2024.03.12"]
[Round "10"]
[White "GilbertoHernandezAmura"]
[Black "IraZyne"]
[Result "0-1"]
[WhiteElo "2417"]
[BlackElo "2340"]
[TimeControl "180+1"]
[EndTime "15:53:10 PDT"]
[Termination "IraZyne won by resignation"]

1. d4 d6 2. Nf3 Nf6 3. Nc3 g6 4.
e4 Bg7 5. Be2 c6 6. O-O O-O 7.
h3 b5 8. a3 Bb7 9. Bf4 a6 10.
Bh2 Nbd7 11. e5 dxe5 12. dxe5 Nd5 13. Nxd5 cxd5 14. e6 fxe6 15. Ng5 Rf6 16. Bg4 Nf8 17.
Be5 Qb6 18. Bxf6 exf6 19. Nf3 h5 20. Bxh5 gxh5 21. Nh4 Rc8 22. c3 Qc5 23. Qxh5 Qc4 24.
Rae1 d4 25. cxd4 Qxd4 26. Ng6 Nxg6 27. Qxg6 Bd5 28. Re3 Kf8 29. h4 Qf4 30. h5 Qh6 31.
Qg4 Rc4 32. Qh3 f5 33. Rd1 Qf6 34. b3 Rg4 35. f3 Rg5 36. Qh2 f4 37. Re2 Bxf3 38.
Red2 Bxd1 39. Rxd1 Kg8 40. Kh1 Kh7 41. Qh3 e5 42. Qd3+ Qf5 43. Qf3 Rxh5+ 44. Kg1 e4 45. Qe2 f3 46. Qf2 Qg4 0-1

[Event "Late-Titled-Tuesday-Blitz-March-12-2024"]
[Site "Chess.com"]
[Date "2024.03.12"]
[Round "10"]
[White "Rud_2008"]
[Black "GotCheeseCheckers"]
[Result "1-0"]
[WhiteElo "2793"]
[BlackElo "2516"]
[TimeControl "180+1"]
[EndTime "15:53:11 PDT"]
[Termination "Rud_2008 won by resignation"]

1. e4 c5 2. Nf3 Nf6 3. e5 Nd5 4.
Nc3 e6 5. Ne4 f5 6. Nc3 Nxc3 7.
dxc3 Nc6 8. Bf4 Be7 9. Qd2 b6 10. O-O-O Bb7 11. h4 Qc7 12. Bb5 a6 13. Bd3 O-O-O 14.
h5 Kb8 15. Qe3 Ka7 16. Rhg1 Rhf8 17. g4 fxg4 18. Rxg4 c4 19. Bxh7 Bc5 20. Nd4 Ne7 21.
Bg5 Nd5 22. Qe2 Rc8 23. Bd2 b5 24. Be1 b4 25. cxb4 Bxb4 26. c3 Bc5 27. Rxg7 Nf4 28.
Qc2 Qxe5 29. Rxd7 Rfd8 30. Nf3 Qf6 31. Be4 Nd3+ 32. R1xd3 cxd3 33. Rxb7+ Ka8 34. Rd7+ Kb8 35. Qb3+ 1-0

[Event "Late-Titled-Tuesday-Blitz-March-12-2024"]
[Site "Chess.com"]
[Date "2024.03.12"]
[Round "10"]
[White "ccccvhhhj"]
[Black "GoltsevDmitry2000"]
[Result "0-1"]
[WhiteElo "2488"]
[BlackElo "2719"]
[TimeControl "180+1"]
[EndTime "15:53:14 PDT"]
[Termination "GoltsevDmitry2000 won on time"]

1. e4 e6 2. Nf3 d5 3. e5 c5 4. b4 cxb4 5. a3 Nc6 6. axb4 Bxb4 7.
c3 Be7 8. d4 h5 9. Bd3 g5 10.
O-O g4 11. Ne1 Nh6 12. Na3 Nf5 13. f3 g3 14. h3 a6 15. Bxf5 exf5 16. Nb5 Be6 17.
Nd6+ Bxd6 18. exd6 Qxd6 19. Ba3 Qd7 20. Nd3 Na5 21. Re1 Nc4 22. Ne5 Nxe5 23. Rxe5 Rc8 24. Qe1 a5 25. Bc5 Qc6 26. Qxg3 b6 27. Rxe6+ Qxe6 28. Re1 bxc5 29. Rxe6+ fxe6 30. Qg7 Rf8 31. Qb7 Kd8 32. Qb6+ Ke7 33. dxc5 Ra8 34. Qd6+ Kf7 35. Qc7+ Kf6 36. f4 a4 37. Qe5+ Kf7 38. Qc7+ Kg6 39.
Qd7 Rfe8 40. Qb5 a3 41. Qb1 a2 42. Qa1 Reb8 43. Kh2 Rb1 0-1

[Event "Late-Titled-Tuesday-Blitz-March-12-2024"]
[Site "Chess.com"]
[Date "2024.03.12"]
[Round "10"]
[White "FMYiLiu"]
[Black "Roedor"]
[Result "1-0"]
[WhiteElo "2479"]
[BlackElo "2273"]
[TimeControl "180+1"]
[EndTime "15:53:15 PDT"]
[Termination "FMYiLiu won by resignation"]

1. d4 Nf6 2. Nc3 d5 3. Bf4 g6 4. e3 Bg7 5. h4 c5 6. Nb5 Na6 7. c3 O-O 8. h5 Nxh5 9. Rxh5 gxh5 10. Qxh5 cxd4 11. exd4 f6 12. Bd3 f5 13. Nf3 Qe8 14.
Qh2 Qg6 15. O-O-O Bd7 16. Rh1 Rac8 17. Ne5 Bxe5 18. Bxe5 Nb4 19. Be2 Bxb5 20. Bxb5 f4 21. Ba4 Nd3+ 22. Kd2 Nxf2 23. Bc2 Ne4+ 24. Kc1 Rf5 25. Qh4 Re8 26. Bxf4 Ref8 27. g3 h5 28. Qxe7 Nxg3 29. Re1 h4 30. Be5 Qg5+ 31. Qxg5+ Rxg5 32. Bb3 Rf1 33. Bxd5+ Kh7 34. Bxg3 hxg3 35. Rxf1 Rxd5 36.
Rg1 Rg5 37. Kd2 Kh6 38. Ke3 Kh5 39. Kf4 Rg4+ 40. Kf3 Kh4 41. Rh1+ Kg5 42. Rh8 Kf5 43. Rf8+ Ke6 44. Kxg4 g2 45. Re8+ Kd5 46. Re1 Kc4 47. Rg1 Kd3 48. Rxg2 1-0

[Event "Late-Titled-Tuesday-Blitz-March-12-2024"]
[Site "Chess.com"]
[Date "2024.03.12"]
[Round "10"]
[White "MatthewG-p4p"]
[Black "DanielNaroditsky"]
[Result "0-1"]
[WhiteElo "2909"]
[BlackElo "3072"]
[TimeControl "180+1"]
[EndTime "15:53:17 PDT"]
[Termination "DanielNaroditsky won by resignation"]

1. e4 Nf6 2. e5 Nd5 3. d4 d6 4.
Nf3 dxe5 5. Nxe5 c6 6. Be2 Bf5 7. O-O Nd7 8. Nf3 e6 9. c4 N5f6 10. Nc3 Bd6 11. Nh4 Bg6 12. g3 O-O 13. c5 Bc7 14. Nxg6 hxg6 15. b4 Qe7 16. Re1 Rad8 17. Qb3 e5 18. d5 cxd5 19. Nxd5 Nxd5 20. Qxd5 b6 21. cxb6 Bxb6 22. Qb3 e4 23. Bf1 Bxf2+ 24. Kxf2 Qf6+ 25. Ke2 Nc5 26. bxc5 Rd3 27. Bf4 Rxb3 28. axb3 Qb2+ 29. Ke3 Qc3+ 30. Kf2 Rd8 31. Bd6 Qd4+ 32. Kg2 e3 33. Rad1 Qe4+ 34. Kg1 Re8 35. Rd3 Qf3 36. Bf4 Qf2+ 37. Kh1 Qxe1 0-1

[Event "Late-Titled-Tuesday-Blitz-March-12-2024"]
[Site "Chess.com"]
[Date "2024.03.12"]
[Round "10"]
[White "LUISMIGUELOV"]
[Black "cristiano78"]
[Result "1/2-1/2"]
[WhiteElo "2119"]
[BlackElo "2246"]
[TimeControl "180+1"]
[EndTime "15:53:19 PDT"]
[Termination "Game drawn by repetition"]

1. d4 Nf6 2. Nf3 g6 3. Bg5 Bg7 4. Nbd2 h6 5. Bh4 d6 6. e4 g5 7. Bg3 Nh5 8. Bc4 e6 9. c3 Qe7 10. e5 d5 11. Bb5+ Bd7 12. Be2 c5 13. Qb3 Bc6 14.
dxc5 Nd7 15. Nd4 Nxc5 16. Qa3 Nxg3 17. Nxc6 bxc6 18. hxg3 Bxe5 19. Nf3 Bd6 20. Qa5 Ne4 21. Qa6 Qc7 22. Nd4 Rc8 23. Nxc6 Bxg3 24. O-O Bh2+ 25.
Kh1 Kf8 26. Qxa7 Qxc6 27. Kxh2 Kg7 28. Qd4+ f6 29. Bf3 Qd6+ 30. g3 Rc4 31. Qd3 h5 32. Bxe4 Rxe4 33. Rae1 Rxe1 34. Rxe1 h4 35. Kg2 hxg3 36. fxg3 e5 37. Rh1 Rxh1 38. Kxh1 e4 39. Qe3 Qe5 40. Kg2 Kg6 41. g4 f5 42. gxf5+ Kxf5 43. Qf2+ Qf4 44. Qxf4+ gxf4 45. a4 Ke5 46. a5 Kd6 47. b4 Kc6 48. a6 Kb6 49. b5 Ka7 50.
Kf2 Kb6 51. Ke2 Ka7 52. Kf2 Kb6 53. Ke2 Ka7 54. Kd2 Kb6 55. Ke2 1/2-1/2

[Event "Late-Titled-Tuesday-Blitz-March-12-2024"]
[Site "Chess.com"]
[Date "2024.03.12"]
[Round "10"]
[White "LornerAcosta"]
[Black "Machidon"]
[Result "0-1"]
[WhiteElo "2611"]
[BlackElo "2524"]
[TimeControl "180+1"]
[EndTime "15:53:20 PDT"]
[Termination "Machidon won on time"]

1. Nf3 Nf6 2. d4 e6 3. e3 c5 4. Bd3 b6 5. O-O Bb7 6. Nbd2 Be7 7. b3 O-O 8. Bb2 Nc6 9. c4 cxd4 10. exd4 d5 11. Rc1 Bd6 12. c5 Bc7 13. a3 bxc5 14.
Rxc5 Qe7 15. b4 Bd6 16. Rc1 a5 17. b5 Na7 18. a4 Ne4 19. Nb3 Nc8 20. Ne5 Nb6 21.
Nc6 Bxc6 22. Rxc6 Nxa4 23. Ba1 Bb4 24. Qc2 Rfb8 25. Bxe4 dxe4 26. Qxe4 Nb6 27. Nc5 Nd5 28.
Qd3 Rc8 29. Rxc8+ Rxc8 30. Ne4 Qc7 31. g3 Qc2 32. Qxc2 Rxc2 33. Rb1 Kf8 34. Kg2 h6 35. Kf3 Ke7 36. Bb2 Kd7 37. Bc1 Kc7 0-1

[Event "Late-Titled-Tuesday-Blitz-March-12-2024"]
[Site "Chess.com"]
[Date "2024.03.12"]
[Round "10"]
[White "SlavenPastar"]
[Black "Byniolus"]
[Result "1-0"]
[WhiteElo "2578"]
[BlackElo "2749"]
[TimeControl "180+1"]
[EndTime "15:53:21 PDT"]
[Termination "SlavenPastar won by resignation"]

1. b3 b6 2. e4 e6 3. Nc3 d6 4.
Nf3 a6 5. d4 c6 6. Bd3 f6 7. O-O g6 8. e5 dxe5 9. dxe5 f5 10. Bg5 Be7 11. Qd2 Bxg5 12. Nxg5 h6 13. Nf3 Ne7 14. Ne2 Kf7 15. b4 g5 16. Rfd1 Nd7 17.
Bc4 Nd5 18. Bb3 b5 19. a4 Bb7 20.
h3 Qe7 21. c3 Rhd8 22. Ned4 Nf8 23. Qc2 Ng6 24. Re1 Kg7 25. Rad1 Rd7 26. axb5 cxb5 27. Nxf5+ exf5 28. Nd4 Rf8 29. Nxf5+ Rxf5 30. Qxf5 Nf8 31. e6 Rd6 32. Bxd5 Bxd5 33. Rxd5 Rxe6 34. Rxe6 Qxe6 35. Qxe6 Nxe6 36. Rd6 Nf4 37. Rc6 1-0

[Event "Late-Titled-Tuesday-Blitz-March-12-2024"]
[Site "Chess.com"]
[Date "2024.03.12"]
[Round "10"]
[White "ploxoi"]
[Black "BebeBonito2022"]
[Result "1-0"]
[WhiteElo "2420"]
[BlackElo "2302"]
[TimeControl "180+1"]
[EndTime "15:53:22 PDT"]
[Termination "ploxoi won by checkmate"]

1. d4 Nf6 2. c4 e6 3. g3 d5 4.
Bg2 Bb4+ 5. Bd2 Bd6 6. Nf3 O-O 7. O-O c6 8. Nc3 Ne4 9. Qc2 f5 10. Rac1 Bd7 11. Qb3 Qb6 12. cxd5 Qxb3 13. axb3 exd5 14.
Be3 Na6 15. Na4 Rae8 16. Nc5 Naxc5 17. dxc5 Be5 18. Nxe5 Rxe5 19. Bd4 Re7 20. Rfd1 f4 21. b4 a6 22. Rd3 fxg3 23. hxg3 Bf5 24. Re3 Rfe8 25. Rd1 Kf7 26. Rf3 Kg6 27. Rf4 Nf6 28. Bf3 Be4 29. Bxf6 gxf6 30. Kg2 Bxf3+ 31. exf3 Re2 32.
Rh1 Rxb2 33. Rfh4 Re7 34. Rg4+ Kf5 35. Rf4+ Ke6 36. Rh6 Rf7 37. g4 Rc2 38. g5 Rc4 39. Rhxf6+ Rxf6 40. Rxf6+ Ke7 41. Rh6 Rxb4 42. Rxh7+ Kf8 43.
g6 a5 44. Kg3 a4 45. f4 a3 46.
f5 a2 47. f6 Rb3+ 48. Kg2 Kg8 49. f7+ Kf8 50. Rh8+ Kg7 51. f8=Q+ Kxg6 52. Rh6+ Kg5 53.
Qf6+ Kg4 54. Rh4# 1-0

[Event "Late-Titled-Tuesday-Blitz-March-12-2024"]
[Site "Chess.com"]
[Date "2024.03.12"]
[Round "10"]
[White "Zavgorodniy_Sergiy"]
[Black "Sajkochess"]
[Result "0-1"]
[WhiteElo "2597"]
[BlackElo "2372"]
[TimeControl "180+1"]
[EndTime "15:53:26 PDT"]
[Termination "Sajkochess won by checkmate"]

1. d4 Nf6 2. c4 e6 3. Nf3 Bb4+ 4. Nbd2 b6 5. g3 Bb7 6. Bg2 O-O 7. O-O d5 8. cxd5 exd5 9. a3 Bd6 10. b4 Nbd7 11. Bb2 Qe7 12. b5 Ne4 13. e3 a5 14.
a4 Rfc8 15. Rc1 c6 16. bxc6 Bxc6 17. Nxe4 dxe4 18. Nd2 Nf6 19. Qb3 Bd5 20. Qb5 Bb4 21.
Rfd1 Rxc1 22. Bxc1 Rc8 23. Qxb6 h5 24. Nf1 Bb3 25.
Bh3 Ng4 26. Qa6 Qe8 27. Qe2 Qe6 28. Bd2 Bxd1 29. Qxd1 Bxd2 30. Qxd2 Qc4 31. Qxa5 Qe2 32. Qf5 Rc2 33. Bxg4 hxg4 34. Qb5 Qxf2+ 35. Kh1 Qg2# 0-1

[Event "Late-Titled-Tuesday-Blitz-March-12-2024"]
[Site "Chess.com"]
[Date "2024.03.12"]
[Round "10"]
[White "AlexPapasimakopoulos"]
[Black "remi04"]
[Result "1-0"]
[WhiteElo "2709"]
[BlackElo "2885"]
[TimeControl "180+1"]
[EndTime "15:53:27 PDT"]
[Termination "AlexPapasimakopoulos won on time"]

1. d4 d5 2. c4 e5 3. dxe5 d4 4. a3 Nc6 5. e3 Nge7 6. Nf3 Bg4 7. Be2 dxe3 8. Qxd8+ Rxd8 9. Bxe3 Ng6 10. Nc3 Ngxe5 11. Nxe5 Nxe5 12. Bxg4 Nxg4 13. Bf4 Rd4 14. Bxc7 Rxc4 15. Bg3 Bc5 16. h3 Nf6 17. O-O O-O 18.
Be5 Nd7 19. Rfe1 Nxe5 20. Rxe5 Bd4 21. Re4 f5 22. Re7 Rf7 23. Re8+ Rf8 24. Re7 Rf7 25.
Nd5 Rxe7 26. Nxe7+ Kf8 27. Nxf5 Bxb2 28. Rb1 Rc1+ 29.
Rxc1 Bxc1 30. a4 Ba3 31. Kf1 g6 32. Ne3 Ke7 33. Ke2 Bc5 34. f4 Ke6 35. g4 Bxe3 36. Kxe3 Kd5 37. a5 b6 38. a6 h6 39. Kd3 b5 40. Kc3 Ke4 41. Kb4 Kxf4 42. Kxb5 Kg3 43.
Kc6 Kxh3 44. Kb7 Kxg4 45. Kxa7 h5 46. Kb6 h4 47. a7 1-0